 Dungeon Crawl Stone Soup version 0.30-a0-778-g2ef04afb54 (webtiles) character file.

Game seed: 7817743055541075451

65 dolemite99 the Shooter (level 3, -1/30 HPs)
             Began as a Minotaur Hunter on Feb 17, 2023.
             Was a Believer of Lugonu.
             Slain by an ogre
             ... wielding a +0 giant club
              (27 damage)
             ... on level 3 of the Dungeon.
             The game lasted 00:02:50 (1904 turns).

dolemite99 the Shooter (Minotaur Hunter)            Turns: 1904, Time: 00:02:50

Health: -1/30      AC:  4    Str: 15    XL:     3   Next: 94%
Magic:  2/2        EV: 12    Int:  6    God:    Lugonu [**....]
Gold:   101        SH:  0    Dex: 15    Spells: 2/2 levels left

rFire   . . .      SeeInvis .    a - +0 shortbow
rCold   . . .      Faith    .    (shield currently unavailable)
rNeg    . . .      Spirit   .    c - +1 leather armour
rPois   .          Reflect  .    (helmet restricted)
rElec   .          Harm     .    (no cloak)
rCorr   .          Rampage  .    (no gloves)
Will    .....                    (no boots)
Stlth   +                        (no amulet)
HPRegen 0.25/turn                (no ring)
MPRegen 0.08/turn                (no ring)

@: no status effects
A: horns 2, retaliatory headbutt
a: Renounce Religion, Depart the Abyss, Banish


You were on level 3 of the Dungeon.
You worshipped Lugonu.
Lugonu was pleased with you.
You visited 1 branch of the dungeon, and saw 3 of its levels.

You collected 137 gold pieces.
You spent 36 gold pieces at shops.

Inventory:

Hand Weapons
 a - a +0 shortbow (weapon)
Armour
 c - a +1 leather armour (worn)
Magical Staves
 e - a staff of fire
Jewellery
 i - a ring of magical power
Scrolls
 b - a scroll of immolation
 f - 3 scrolls of identify {unknown}
 g - a scroll of teleportation {unknown}
 k - a scroll of poison {unknown}
Potions
 d - 2 potions of haste {unknown}
 h - a potion of curing
 j - a potion of brilliance {unknown}
 l - a potion of invisibility {unknown}


   Skills:
 - Level 2.4 Fighting
 + Level 6.1 Ranged Weapons
 - Level 2.1 Dodging
 - Level 0.7 Stealth


You had 2 spell levels left.
You didn't know any spells.
Your spell library contained the following spells:

 Spells                   Type           Power      Damage    Failure   Level
 Lesser Beckoning         Tloc           0%         N/A       67%         2
 Call Canine Familiar     Summ           0%         N/A       88%         3
 Gell's Gravitas          Tloc           0%         N/A       88%         3
 Portal Projectile        Hex/Tloc       0%         N/A       88%         3
 Teleport Other           Tloc           0%         N/A       88%         3
 Leda's Liquefaction      Hex/Erth       0%         N/A       99%         4


Dungeon Overview and Level Annotations

Branches:
Dungeon (3/15)

Altars:
Lugonu

Shops:
D:1 [[!


Innate Abilities, Weirdness & Mutations

You have a pair of horns on your head.
You reflexively headbutt those who attack you in melee.


Message History

f - 3 scrolls labelled APLADD ATYGE (gained 1)
You start waiting.
Done waiting.
Found a stone staircase leading down.
A frilled lizard comes into view.
You shoot an arrow. The arrow hits the frilled lizard!
You kill the frilled lizard!
Lugonu accepts your kill.
You can now banish your foes.
You now have 101 gold pieces (gained 12).
An ogre comes into view. It is wielding a +0 giant club.
The ogre shouts!
You shoot an arrow. The arrow hits the frilled lizard!
You kill the frilled lizard!
Lugonu accepts your kill.
An ogre is nearby!
An ogre is nearby!
You shoot an arrow. The arrow closely misses the ogre.
You shoot an arrow. The arrow hits the ogre.
The ogre is lightly wounded.
You shoot an arrow. The arrow barely misses the ogre.
Fire: a) +0 shortbow
Press: ? - help, Q - select action, (/) - cycle Shift-Dir - straight line, f/p - ogre
Aim: an ogre, wielding a +0 giant club (lightly wounded, 77% to hit)
You shoot an arrow.
The arrow hits the ogre but does no damage.
The ogre is lightly wounded.
The ogre hits you with a +0 giant club.
Fire: a) +0 shortbow
Press: ? - help, Q - select action, (/) - cycle Shift-Dir - straight line, f/p - ogre
Aim: an ogre, wielding a +0 giant club (lightly wounded, 77% to hit)
You shoot an arrow. The arrow hits the ogre!
The ogre is heavily wounded.
The ogre misses you.
Fire: a) +0 shortbow
Press: ? - help, Q - select action, (/) - cycle Shift-Dir - straight line, f/p - ogre
Aim: an ogre, wielding a +0 giant club (heavily wounded, 77% to hit)
You shoot an arrow. The arrow barely misses the ogre.
The ogre hits you with a +0 giant club!!
Ouch! That really hurt!
You die...

## ... ... ..### ##### ..
#.## .###.###.##.. ## †.†
..........#. .. ..
..##O###.###.##.. ## ...
#.#..@........#.#
#...#...##.###.##...#
..#.#.#.......#.#.## #
...#...##.##...#..# ##
..#.#.#.#...#.#)#.# ##. .
#...#...#...#...# #.†
...#.#.#.#...#.#.#.####.#
......#...##.##...#...#..#
...##.#.#.......#.#.#...##


You could see an ogre.

Vanquished Creatures
  An adder (D:2)
  A worm (D:2)
  A dart slug (D:1)
  An orc (D:2)
  2 ball pythons (D:3)
  2 bats
  2 endoplasms (D:1)
  3 goblins
  5 hobgoblins
  11 jackals
  4 kobolds
  4 quokkas
  4 frilled lizards
  4 rats
45 creatures vanquished.

Notes
Turn   | Place    | Note
-------+----------+-------------------------------------------
     0 | D:1      | dolemite99 the Minotaur Hunter began the quest for the Orb.
     0 | D:1      | Reached XP level 1. HP: 18/18 MP: 0/0
    28 | D:1      | Found Beegione's Armour Emporium.
    37 | D:1      | Found Dekiluo's Distillery.
    87 | D:1      | Reached XP level 2. HP: 14/25 MP: 1/1
    91 | D:1      | Reached skill level 5 in Ranged Weapons
   632 | D:1      | Found a faded altar of an unknown god.
   641 | D:1      | Found Dazyeka's Antique Armour Shop.
   661 | D:1      | Prayed at the altar of an unknown god.
   661 | D:1      | Became a worshipper of Lugonu the Unformed
   661 | D:1      | Reached * piety under Lugonu
   811 | D:1      | Bought a potion of curing for 36 gold pieces
   863 | D:2      | Reached XP level 3. HP: 29/30 MP: 2/2
  1657 | D:3      | Reached skill level 6 in Ranged Weapons
  1891 | D:3      | Reached ** piety under Lugonu
  1897 | D:3      | Noticed an ogre
  1904 | D:3      | Slain by an ogre

Illustrated notes

Levels and vault maps discovered:
D:1:      psy_arrival_fountain, layout_rooms,
          hellmonk_ecumenical_altar_arch_garden, serial_shops,
          nicolae_shop_behind_doors, nicolae_shop_behind_doors,
          nicolae_shop_advertising_works [nicolae_subvault_shop_adworks],
          minmay_misc_feat_pillars, amcnicky_mini_rare_corridor_liquid,
          minmay_misc_feat_iff, dreamdust_wishing_well
D:2:      layout_basic, nicolae_kite_square_tiling_tiny
D:3:      layout_basic, nicolae_concentric_dashed_squares_wild

Skill      XL: |  1  2  3 |
---------------+----------+-----
Ranged Weapons | 5 6 |  6.1
Fighting       | |  2.4
Dodging        | |  2.1
Stealth        | |  0.7

Action                     || total
---------------------------++-------
   Fire: Shortbow          ||   132
    Use: Scroll            ||     2
 Armour: Leather armour    ||    24
  Dodge: Dodged            ||    50

Table legend: (Time is in decaauts)
 A = Elapsed time spent in this place.
 B = Non-inter-level travel time spent in this place.
 C = Inter-level travel time spent in this place.
 D = Time resting spent in this place.
 E = Time spent auto-exploring this place.
 F = Levels seen in this place.
 G = Mean time per level.
                   A        B        C        D        E       F      G
               +--------+--------+--------+--------+--------+-----+--------+
         Total |   1939 |   1853 |     86 |    449 |   1027 |   3 |  646.3 |
       Dungeon |   1939 |   1853 |     86 |    449 |   1027 |   3 |  646.3 |
               +--------+--------+--------+--------+--------+-----+--------+

Top non-repeatable levels by time:
     D:1: 847 daAuts
     D:2: 832 daAuts
     D:3: 259 daAuts
